 Dungeon Crawl Stone Soup version 0.13.0-13-g27bfa31 (webtiles) character file.

15549 Narretz the Protected (level 11, -1/94 HPs)
             Began as a Minotaur Fighter on Oct 19, 2013.
             Was the Champion of Okawaru.
             Slain by a four-headed hydra (4 damage)
             ... on Level 4 of the Lair of Beasts.
             The game lasted 01:27:57 (12324 turns).

Narretz the Protected (Minotaur Fighter)           Turns: 12324, Time: 01:27:58

HP  -1/94        AC 22     Str 24      XL: 11   Next: 97%
MP   6/6         EV  6     Int  2 (5)  God: Okawaru [******]
Gold 474         SH 26     Dex 10      Spells:  0 memorised, 10 levels left

Res.Fire  : + . .   See Invis. : .   B - +10,+8 eveningstar of the Known World {flame, rPois rC+}
Res.Cold  : + . .   Warding    : .   V - +1 orc plate armour
Life Prot.: . . .   Conserve   : .   c - +1 dwarf shield {AC+3}
Res.Poison: +       Res.Corr.  : .   (helmet restricted)
Res.Elec. : .       Clarity    : .   J - +0 cloak
Sust.Abil.: . .     Spirit.Shd : .   P - +0 pair of gauntlets
Res.Mut.  : .       Stasis     : .   (no boots)
Res.Rott. : .       Flight     : .   (no amulet)
Saprovore : . . .                    T - ring of sustenance
                                     r - ring of protection from fire

@: lost intelligence, very slow, somewhat resistant to hostile enchantments,
extremely unstealthy
A: retaliatory headbutt, claws 1, horns 2, sense surroundings 1
a: Heroism, Finesse, Renounce Religion


You were on level 4 of the Lair of Beasts.
You worshipped Okawaru.
Okawaru was exalted by your worship.
You were not hungry.

You visited 3 branches of the dungeon, and saw 13 of its levels.
You also visited: Sewer.

You collected 714 gold pieces.
You spent 260 gold pieces at shops.

Inventory:

Hand weapons
 B - the +10,+8 eveningstar of the Known World (weapon) {flame, rPois rC+}
   (You acquired it on level 3 of the Lair of Beasts)

   It emits flame when wielded, causing extra injury to most foes and up to
   double damage against particularly susceptible opponents.
   It protects you from cold.
   It protects you from poison.
 C - a +0 blowgun
Missiles
 g - 19 poisoned needles
 y - a silver javelin (quivered)
 X - 3 curare-tipped needles
 Z - 5 poisoned javelins
Armour
 c - a +1 dwarven shield of protection (worn)
 J - a +0 cloak (worn)
 O - a +2 shield of reflection
 P - a +0 pair of gauntlets (worn)
 V - a +1 orcish plate armour (worn)
Magical devices
 b - a wand of digging (10)
 L - a wand of paralysis (15)
 N - a wand of hasting (5)
 Q - a wand of fire (0)
 S - a wand of frost (6)
 U - a wand of random effects (4)
 W - a wand of disintegration (2)
Comestibles
 d - 8 bread rations
 h - 5 meat rations
Scrolls
 i - 2 scrolls of remove curse
 j - a scroll of enchant armour {unknown}
 m - a scroll of recharging {unknown}
 n - 2 scrolls of magic mapping
 o - a scroll of enchant weapon III {unknown}
 q - a scroll of random uselessness {unknown}
 t - a scroll of amnesia {unknown}
 u - 5 scrolls of fog
 v - 3 scrolls of teleportation
 A - 2 scrolls of blinking
 G - a scroll of enchant weapon II
 M - a scroll of fear {unknown}
Jewellery
 a - an uncursed ring of protection from magic
 p - an uncursed amulet of stasis
 r - a ring of protection from fire (left hand)
 H - an uncursed ring of see invisible {unknown}
 R - an uncursed ring of teleport control
 T - a ring of sustenance (right hand)
Potions
 k - 5 potions of curing
 l - 2 potions of restore abilities
 s - 2 potions of paralysis {unknown}
 w - a potion of invisibility {unknown}
 z - a potion of resistance {unknown}
 E - 4 potions of flight
 F - 2 potions of cure mutation {unknown}
 I - a potion of berserk rage {unknown}
 K - a potion of slowing {unknown}
 Y - a potion of magic {unknown}
Miscellaneous
 x - a legendary deck of destruction


   Skills:
 * Level 9.9 Fighting
 + Level 10.8 Maces & Flails
 + Level 3.2 Throwing
 * Level 11.4 Armour
 - Level 9.6 Dodging
 + Level 0.8 Stealth
 + Level 10.3 Shields
 + Level 0.8 Invocations
 + Level 2.0 Evocations


You had 10 spell levels left.
You didn't know any spells.

Dungeon Overview and Level Annotations

Branches:
Dungeon (8/27)             Temple (1/1) D:4             Orc (0/4) D:8
   Lair (4/8) D:8
  Swamp: Lair:3-6    Shoals: Lair:3-6     Snake: Lair:3-6    Spider: Lair:3-6

Altars:
Ashenzari
Cheibriados
Elyvilon
Fedhas
Kikubaaqudgha
Makhleb
Nemelex Xobeh
Okawaru
Sif Muna
Trog
Vehumet
Xom
Yredelemnul
Zin
the Shining One

Shops:
D:5 }   D:6 /   D:7 *

Annotations:
D:7 exclusion: 2 downstairs
Lair:2 Nergalle
Lair:3 exclusion: ice statue


Innate Abilities, Weirdness & Mutations

You reflexively headbutt those who attack you in melee.
You have a pair of horns on your head.
You have sharp fingernails.
You passively map a small area around you.


Message History

The brain worm's bulging head throbs.
You feel dopey.
You convulse from lack of intelligence!
* * * LOW HITPOINT WARNING * * *
Something feeds on your intellect!
You block the four-headed hydra's attack.
The four-headed hydra completely misses you.
The four-headed hydra bites you.
* * * LOW HITPOINT WARNING * * *
The four-headed hydra bites you but does no damage.
The brain worm bites you.
* * * LOW HITPOINT WARNING * * *
The four-headed hydra bites you but does no damage.
The four-headed hydra barely misses you.
You block the four-headed hydra's attack.
The brain worm bites you but does no damage.
You block the four-headed hydra's attack.
The four-headed hydra bites you but does no damage.
The four-headed hydra bites you.
You die...

....................(............
.......................%.........
...................((............
.................................
......# #........../.....###.#..
......## ##.......<.......## #..
.......# #.........<.......# #
....(..# ##.....Dw........##
.......####.....@..........#,
............................
...........................,
^.......................... ,
..........................?
...........#####......##.# ,
...........# P.....## #
............, ......f*
...........f# #.....


You could see a four-headed hydra and a brain worm.

Vanquished Creatures
  A hydra (Lair:4)
  Pikel (D:8)
  Maurice (D:8)
  4 spiny frogs
  A fire drake (Lair:4)
  3 komodo dragons
  A polar bear (Lair:3)
  4 blink frogs (Lair:3)
  A basilisk (Lair:3)
  22 yaks
  3 wyverns
  An elephant slug (D:8)
  A hippogriff (D:8)
  Edmund (D:6)
  A manticore (D:8)
  A porcupine (Lair:2)
  3 orc warriors
  A black bear (D:8)
  3 sky beasts
  9 ice beasts
  A phantom (D:4)
  4 crocodiles
  4 centaurs
  3 ogres
  A big kobold (Sewer)
  Sigmund (D:3)
  7 water moccasins
  5 giant slugs
  2 agate snails
  A gnoll sergeant (D:6)
  8 giant frogs
  3 killer bees (D:8)
  2 jellies
  4 crimson imps
  A centaur zombie (D:6)
  2 lava snakes (Lair:3)
  A goliath beetle (D:6)
  2 gnoll shamans (D:6)
  2 orc wizards
  Crazy Yiuf (D:3)
  14 hounds
  A big fish (Sewer)
  4 iguanas
  2 worker ants
  5 orc priests
  A scorpion (D:5)
  An ogre zombie (D:6)
  Ijyb (D:3)
  13 green rats
  8 adders
  A giant centipede (Lair:3)
  19 gnolls
  An inept feature mimic (D:5)
  A giant mite (D:5)
  A white imp (Lair:3)
  5 worms
  An iguana zombie (D:5)
  An adder skeleton (D:8)
  3 grey rats
  A giant eyeball (D:6)
  9 giant geckos
  An ooze (D:2)
  28 orcs
  A ball python (D:4)
  14 bats
  7 giant cockroaches
  10 goblins
  8 hobgoblins
  23 jackals
  23 kobolds
  7 quokkas
  3 giant newts
  A giant spore (D:6)
  A goblin skeleton (D:5)
  2 orc zombies
  17 rats
  8 ballistomycetes (D:6)
  A fungus (Lair:2)
  A plant (Lair:3)
367 creatures vanquished.

Vanquished Creatures (others)
  A human (D:8)
  3 slaves (D:8)
  A hound (D:6)
  An orc wizard (D:5)
  A sheep (D:8)
  An orc (D:8)
  A hobgoblin (D:8)
  A giant spore (D:6)
  A fungus (Lair:2)
11 creatures vanquished.

Grand Total: 378 creatures vanquished

Notes
Turn   | Place    | Note
--------------------------------------------------------------
     0 | D:1      | Narretz, the Minotaur Fighter, began the quest for the Orb.
     0 | D:1      | Reached XP level 1. HP: 19/19 MP: 0/0
    98 | D:1      | Reached XP level 2. HP: 26/26 MP: 0/0
   180 | D:1      | Reached skill level 4 in Fighting
   605 | D:2      | Reached XP level 3. HP: 33/33 MP: 1/1
   645 | D:2      | Reached skill level 1 in Dodging
  1363 | D:3      | Reached XP level 4. HP: 38/40 MP: 1/1
  1473 | D:3      | Noticed Crazy Yiuf
  1998 | D:4      | Noticed a phantom
  2051 | D:4      | Killed a phantom
  2051 | D:4      | Reached XP level 5. HP: 20/46 MP: 1/1
  2092 | D:4      | Found a white marble altar of Elyvilon.
  2097 | D:4      | Reached skill level 5 in Shields
  2509 | D:4      | Found a staircase to the Ecumenical Temple.
  2515 | Temple   | Entered the Ecumenical Temple
  2633 | D:5      | Entered Level 5 of the Dungeon
  2640 | D:5      | Found a glowing drain.
  2678 | Sewer    | Entered a sewer
  2740 | Sewer    | Reached XP level 6. HP: 48/53 MP: 2/2
  2853 | Sewer    | Found a glowing silver altar of Zin.
  2961 | D:5      | Reached skill level 5 in Armour
  3320 | D:3      | Noticed Sigmund
  3335 | D:3      | Killed Sigmund
  3335 | D:3      | Reached XP level 7. HP: 40/60 MP: 2/2
  3350 | D:3      | Noticed Ijyb
  3357 | D:3      | Killed Ijyb
  3772 | D:3      | Killed Crazy Yiuf
  4530 | D:5      | Reached skill level 5 in Fighting
  4569 | D:5      | Noticed a centaur
  4572 | D:5      | Killed a centaur
  4572 | D:5      | Reached skill level 5 in Dodging
  4598 | D:5      | Found Vusoly's Gadget Shoppe.
  4685 | D:5      | Found a basalt altar of Yredelemnul.
  5004 | D:6      | Reached skill level 6 in Shields
  5089 | D:6      | Found an iron altar of Okawaru.
  5101 | D:6      | Reached XP level 8. HP: 57/68 MP: 2/2
  5105 | D:6      | Became a worshipper of Warmaster Okawaru
  5166 | D:6      | Paralysed by a giant eyeball for 4 turns
  5175 | D:6      | Reached skill level 5 in Maces & Flails
  5237 | D:6      | Noticed Edmund
  5432 | D:6      | Found Unkeu's Magical Wand Boutique.
  5524 | D:6      | Gained mutation: You passively map a small area around you. [potion of beneficial mutation]
  5525 | D:6      | Gained mutation: You have sharp fingernails. [potion of beneficial mutation]
  5649 | D:7      | Reached skill level 1 in Throwing
  5692 | D:7      | Acquired Okawaru's first power
  5692 | D:7      | Reached skill level 7 in Shields
  5963 | D:7      | Reached XP level 9. HP: 60/74 MP: 3/3
  6184 | D:7      | Got a transparent leather armour
  6221 | D:7      | Identified the +2 leather armour "Chylot" {Dex+1 Int+4} (You took it off a hobgoblin on level 7 of the Dungeon)
  6261 | D:7      | Found a glowing silver altar of Zin.
  6359 | D:7      | Found Sinanium's Hallowed Reliquary.
  6362 | D:7      | Found a glowing golden altar of the Shining One.
  6362 | D:7      | Noticed an angel
  6496 | D:8      | Found a staircase to the Lair.
  6496 | D:8      | Noticed an elephant
  6634 | D:8      | HP: 3/75 [manticore/volley of spikes (17)]
  6638 | D:8      | Found a staircase to the Orcish Mines.
  6849 | D:8      | Reached skill level 1 in Evocations
  7047 | D:6      | Reached skill level 8 in Dodging
  7085 | D:6      | Bought a wand of fire (6) for 260 gold pieces
  7192 | D:6      | Killed Edmund
  7499 | D:8      | Found an ancient bone altar of Kikubaaqudgha.
  7536 | D:8      | Noticed Pikel
  7555 | D:8      | Noticed Maurice
  7602 | D:8      | Killed Maurice
  7602 | D:8      | Reached XP level 10. HP: 56/83 MP: 2/4
  7626 | D:8      | Killed Pikel
  7956 | D:8      | Reached skill level 9 in Dodging
  8417 | Lair:1   | Entered Level 1 of the Lair of Beasts
  9035 | Lair:1   | Acquired Okawaru's second power
  9614 | Lair:2   | Noticed Nergalle
  9617 | Lair:2   | Noticed a spectral orc warlord
  9617 | Lair:2   | Noticed a spectral orc warlord
 10182 | Lair:2   | Reached XP level 11. HP: 90/92 MP: 5/6
 10469 | Lair:2   | Reached skill level 10 in Armour
 10939 | Lair:3   | Noticed an ice statue
 11087 | Lair:3   | Reached skill level 10 in Maces & Flails
 11091 | Lair:3   | Received a gift from Okawaru
 11100 | Lair:3   | Identified a scroll of acquirement
 11107 | Lair:3   | Got a warped eveningstar
 11108 | Lair:3   | Identified the eveningstar of the Known World {flame, rPois rC+} (You acquired it on level 3 of the Lair of Beasts)
 11465 | Lair:3   | Reached skill level 10 in Shields
 11648 | Lair:3   | Reached skill level 11 in Armour
 12243 | Lair:4   | Noticed an eight-headed hydra
 12259 | Lair:4   | Killed an eight-headed hydra
 12299 | Lair:4   | Noticed a four-headed hydra
 12315 | Lair:4   | Lost intelligence.
 12323 | Lair:4   | HP: 4/94 [four-headed hydra (3)]
 12324 | Lair:4   | Slain by a four-headed hydra

Action                   |  1- 3 |  4- 6 |  7- 9 | 10-12 || total
-------------------------+-------+-------+-------+-------++-------
Melee: Mace              |    35 |       |       |       ||    35
       Club              |    90 |    49 |       |       ||   139
       Flail             |       |   123 |   455 |   449 ||  1027
       Eveningstar       |       |       |       |   107 ||   107
 Fire: Blowgun           |       |       |     6 |       ||     6
       Bow               |       |       |     3 |       ||     3
Throw: Hand axe          |       |     5 |       |       ||     5
       Club              |       |     2 |       |       ||     2
       Dagger            |       |     1 |     1 |       ||     2
       Javelin           |       |       |    19 |    51 ||    70
Invok: Heroism           |       |       |     1 |     2 ||     3
Evoke: Wand              |       |     6 |    13 |    26 ||    45
  Use: Potion            |       |     4 |     3 |     4 ||    11
       Scroll            |       |     1 |     4 |     9 ||    14
